AoeStats
← skeezerrr

Oasis

508424968Analyzed
3v3 RM · 11d ago on Sep 22, 2026· 44m 8s· 6 players
Game mode
Random Map
Map size
Normal (6 player)
Population
200
Speed
Normal
Resources
Standard
Victory
Conquest
Starting age
Dark Age
Ending age
Imperial Age
RankedLock teamsTeams togetherTeam positionsShared explorationLock speedFull tech treeHidden civsTurbo modeCheats
Victory
Defeat
🇬🇧 Bohemians · United Kingdom
1186
+10
🇬🇧 Vietnamese · United Kingdom
1101
+13
🇬🇧 Poles · United Kingdom
1098
+14
🇨🇳 Magyars · China
1084
-13
🇨🇳 Burgundians · China
1026
-25
🇨🇳 Malay · China
1026
-25
Husain Bolt
8:50 Loom
11:21 Feudal Age
11:52 Double-Bit Axe
18:06 Horse Collar
22:42 Castle Age
24:26 Bow Saw
24:18 Heavy Plow
28:15 Fervor
30:04 Wheelbarrow
29:42 Pikeman
29:51 Pikeman
30:34 Squires
30:42 Scale Mail Armor
36:01 Imperial Age
34:23 Sanctity
35:36 Chemistry
35:43 Chain Mail Armor
35:39 Forging
35:30 Town Watch
37:12 Conscription
38:27 Hand Cart
40:53 Arson
42:37 Plate Mail Armor
42:43 Iron Casting
42:09 Padded Archer Armor
skeezerrr
8:41 Loom
11:19 Feudal Age
12:45 Wheelbarrow
11:57 Double-Bit Axe
22:11 Castle Age
20:32 Town Watch
20:46 Gold Mining
22:39 Forging
22:20 Fletching
22:26 Crossbowman
30:38 Bow Saw
30:38 Horse Collar
32:29 Bodkin Arrow
32:35 Padded Archer Armor
35:39 Heavy Plow
36:10 Pikeman
41:50 Imperial Age
39:29 Squires
40:07 Iron Casting
42:40 Ballistics
42:25 Murder Holes
42:47 Leather Archer Armor
42:35 Bracer
45:08 Chemistry
migetsrus
7:21 Loom
10:12 Feudal Age
11:03 Double-Bit Axe
13:24 Bloodlines
16:19 Horse Collar
22:50 Castle Age
22:10 Gold Mining
22:12 Stone Mining
23:13 Scale Barding Armor
23:19 Forging
22:56 Light Cavalry
25:52 Husbandry
28:04 Chain Barding Armor
31:01 Heavy Plow
31:14 Bow Saw
32:32 Wheelbarrow
31:43 Town Watch
33:22 Iron Casting
34:39 Szlachta Privileges
40:47 Imperial Age
39:20 Fletching
39:31 Padded Archer Armor
41:01 Cavalier
42:44 Blast Furnace
就墨子
8:16 Loom
10:41 Feudal Age
21:31 Wheelbarrow
26:03 Castle Age
39:07 Masonry
szsigy
2:13 Loom
10:55 Feudal Age
17:12 Castle Age
20:23 Man-at-Arms
24:31 Long Swordsman
28:53 Pikeman
32:15 Squires
32:01 Arson
33:11 Forging
35:27 Double-Bit Axe
46:05 Imperial Age
kongjuck
12:11 Feudal Age
11:46 Horse Collar
12:18 Double-Bit Axe
13:06 Heavy Plow
14:50 Bow Saw
19:10 Gold Mining
19:14 Stone Mining
23:42 Castle Age
25:22 Forging
25:18 Husbandry
24:40 Cavalier
25:03 Light Cavalry
27:19 Two-Man Saw
30:38 Scale Barding Armor
32:56 Wheelbarrow
33:05 Wheelbarrow
33:16 Gold Shaft Mining
33:26 Stone Shaft Mining
33:25 Crop Rotation
35:50 Hand Cart
35:50 Treadmill Crane
41:10 Imperial Age
41:22 Hussar
42:31 Chain Barding Armor
42:47 Iron Casting
42:39 Conscription
Connection lost

Rejoining the realm…

Still unreachable

The connection could not be restored.

Session expired

The server has moved on; the page needs a fresh start.